 Dungeon Crawl Stone Soup version 0.17-a0-2098-gf59d6bc (webtiles) character file.

11636 brucemayne the Severer (level 11, -5/145 HPs)
             Began as a Hill Orc Berserker on Oct 17, 2015.
             Was an Elder of Trog.
             Slain by an ogre
             ... wielding a cursed -3 giant club
              (17 damage)
             ... on level 2 of the Orcish Mines.
             The game lasted 00:29:29 (4807 turns).

brucemayne the Severer (Hill Orc Berserker)         Turns: 4807, Time: 00:29:29

Health: -5/145     AC: 13    Str: 27    XL:     11   Next: 80%
Magic:  11/11      EV:  8    Int:  9    God:    Trog [****..]
Gold:   149        SH:  0    Dex: 10    Spells: 0 memorised, 10 levels left

rFire  . . .     SeeInvis .     G - +0 battleaxe
rCold  . . .     Clarity  .     H - +0 plate armour
rNeg   + + .     SustAt   .     (no shield)
rPois  .         Gourm    .     w - +0 hat
rElec  .         Spirit   .     (no cloak)
rCorr  .         Warding  +     (no gloves)
rMut   .         Stasis   .     (no boots)
MR     .....                    f - amulet of warding
Stlth  ..........               (no ring)
                                A - ring of positive energy

@: berserking, very quick, not resistant to hostile enchantments, extremely
unstealthy
A: no striking features
a: Burn Spellbooks, Berserk, Trog's Hand, Brothers in Arms, Renounce Religion


You were on level 2 of the Orcish Mines.
You worshipped Trog.
Trog was greatly pleased with you.
You were not hungry.

You visited 2 branches of the dungeon, and saw 14 of its levels.

You collected 896 gold pieces.
You spent 747 gold pieces at shops.

Inventory:

Hand Weapons
 a - a +0 hand axe
 k - a +0 whip
 n - a +0 war axe
 G - a +0 battleaxe (weapon)
 I - a +0 battleaxe
Missiles
 l - 5 tomahawks of returning (quivered)
Armour
 b - a +0 animal skin
 h - a +0 ring mail
 w - a +0 hat (worn)
 B - a +0 chain mail
 E - a +0 chain mail of poison resistance
 H - a +0 plate armour (worn)
Jewellery
 f - an amulet of warding (around neck)
 A - a ring of positive energy (left hand)
Scrolls
 d - 2 scrolls of blinking {unknown}
 e - 3 scrolls of identify
 g - 2 scrolls of enchant armour {unknown}
 p - 2 scrolls of noise {unknown}
 v - 2 scrolls of fog {unknown}
 y - a scroll of magic mapping {unknown}
 z - a scroll of random uselessness {unknown}
 D - a scroll of vulnerability {unknown}
Potions
 i - a potion of might
 j - a potion of poison {unknown}
 o - a potion of berserk rage {unknown}
 r - a potion of flight {unknown}
 u - a potion of agility
 x - a potion of beneficial mutation
 C - 2 potions of haste
 J - a potion of heal wounds
 K - a potion of curing
Books
 q - a Fen Folio

   Spells                             Type                      Level
   a - Corpse Rot                     Necromancy                   2
   b - Stone Arrow                    Conjuration/Earth            3
   c - Leda's Liquefaction            Hexes/Earth                  4
   d - Summon Forest                  Summoning/Translocation      5
   e - Hydra Form                     Transmutation                6
   f - Summon Hydra                   Summoning                    7
   Trog disapproves of the use of such an item.
 s - a book of Summonings

   Spells                             Type                      Level
   a - Recall                         Summoning/Translocation      3
   b - Aura of Abjuration             Summoning                    5
   c - Shadow Creatures               Summoning                    5
   d - Summon Demon                   Summoning                    5
   e - Summon Forest                  Summoning/Translocation      5
   f - Summon Mana Viper              Hexes/Summoning              5
   Trog disapproves of the use of such an item.
 F - a book of Clouds

   Spells                             Type                      Level
   a - Mephitic Cloud                 Conjuration/Poison/Air       3
   b - Conjure Flame                  Conjuration/Fire             3
   c - Poisonous Cloud                Conjuration/Poison/Air       6
   d - Freezing Cloud                 Conjuration/Ice/Air          6
   e - Ring of Flames                 Charms/Fire                  7
   Trog disapproves of the use of such an item.
Comestibles
 c - 2 bread rations
 m - 3 meat rations
 t - 6 fruits
 L - a chunk of flesh


   Skills:
 - Level 9.0 Fighting
 + Level 19.1 Axes
 - Level 7.3 Armour
 - Level 1.5 Dodging


You had 10 spell levels left.
You didn't know any spells.

Dungeon Overview and Level Annotations

Branches:
Dungeon (10/15)              Lair (0/8) D:10            Orc (4/4) D:10
    Elf (0/3) Orc:4
 Temple: D:4-7

Altars:
Trog
The Shining One

Shops:
D:10 ?   Orc:3 }   Orc:4 ![!?

Annotations:
Orc:3 Donald, Josephine
Orc:4 exclusion: upstairs


Message History

You kill the orc priest!
Trog accepts your kill.
You slash the orc!
You feel the power of Trog in you as your rage grows.
You kill the orc!
Trog accepts your kill.
You hit the ogre.
The ogre is heavily wounded.
You slice the orc!!
You kill the orc!
Trog accepts your kill.
You slash the orc warrior!
You kill the orc warrior!
Trog accepts your kill.
You barely miss the ogre.
The ogre is heavily wounded.
You barely miss the orc.
The orc is heavily wounded.
The ogre hits you with a giant club!
You die...

#.##### #
###.....# .. #
#........ ....
#.......# #....
#.....))## ##.....
#..>.##......
#.)...#....# .
####..o...(# ...
##.)@)....##.
.....#..)O).......
.......(####....$.
#........# ......
.......o.# .....
#......### ...
#...... .. .......
. ...O...


You could see an ogre and an orc.

Vanquished Creatures
  5 orc high priests (Orc:4)
  2 hill giants (D:10)
  6 orc knights (Orc:4)
  2 wraiths
  A deep elf fighter (Orc:4)
  2 wargs
  22 orc warriors
  A centaur (D:10)
  5 ogres
  2 scorpions
  A giant frog zombie (D:5)
  33 orc priests
  Ijyb (D:3)
  A giant frog skeleton (D:9)
  12 orc wizards
  2 worker ants
  Terence (D:2)
  An iguana (D:9)
  A hound skeleton (D:9)
  3 gnolls (D:5)
  3 adders
  A worm (D:3)
  99 orcs
  2 ball pythons
  2 bats
  A giant cockroach (D:5)
  2 goblins
  A hobgoblin (D:2)
  2 giant geckos (D:3)
  A giant gecko skeleton (D:6)
  A giant gecko zombie (D:5)
  4 giant newts
  A jackal zombie (D:9)
  5 kobolds
  3 quokkas
  4 rats
236 creatures vanquished.

Vanquished Creatures (others)
  An orc (Orc:4)
1 creature vanquished.

Grand Total: 237 creatures vanquished

Notes
Turn   | Place    | Note
--------------------------------------------------------------
     0 | D:1      | brucemayne the Hill Orc Berserker began the quest for the Orb.
     0 | D:1      | Reached XP level 1. HP: 19/19 MP: 1/1
   351 | D:1      | Reached XP level 2. HP: 8/26 MP: 2/2
   432 | D:2      | Noticed Terence
   441 | D:2      | Killed Terence
   441 | D:2      | Reached skill level 5 in Axes
   441 | D:2      | Reached XP level 3. HP: 20/31 MP: 3/3
   530 | D:3      | Noticed Ijyb
   540 | D:3      | Reached ** piety under Trog
   553 | D:3      | Reached skill level 6 in Axes
   665 | D:3      | Killed Ijyb
   665 | D:3      | Reached XP level 4. HP: 27/39 MP: 4/4
   800 | D:5      | Entered Level 5 of the Dungeon
   808 | D:5      | Reached skill level 7 in Axes
   808 | D:5      | Reached XP level 5. HP: 23/45 MP: 5/5
   881 | D:5      | Reached skill level 8 in Axes
   950 | D:6      | Found a bloodstained altar of Trog.
   962 | D:6      | Found a glowing golden altar of the Shining One.
  1044 | D:7      | Reached XP level 6. HP: 36/51 MP: 6/6
  1188 | D:8      | Reached skill level 9 in Axes
  1359 | D:9      | Noticed a trapdoor spider zombie
  1370 | D:10     | Entered Level 10 of the Dungeon
  1403 | D:10     | Reached skill level 10 in Axes
  1403 | D:10     | Reached XP level 7. HP: 21/57 MP: 7/7
  1447 | D:10     | Found Tivomneemo's Magic Scroll Emporium.
  1455 | D:10     | Bought a scroll of identify for 28 gold pieces
  1482 | D:10     | Found a staircase to the Lair.
  1648 | D:10     | Reached skill level 11 in Axes
  1657 | D:10     | Noticed a hill giant
  1672 | D:10     | Killed a hill giant
  1672 | D:10     | Reached skill level 12 in Axes
  1672 | D:10     | Reached XP level 8. HP: 55/64 MP: 8/8
  1801 | D:10     | Reached *** piety under Trog
  1806 | D:10     | Reached skill level 13 in Axes
  1821 | D:10     | Noticed a hill giant
  1830 | D:10     | Killed a hill giant
  1830 | D:10     | Reached skill level 14 in Axes
  1830 | D:10     | Reached XP level 9. HP: 42/70 MP: 9/9
  1852 | D:10     | Found a staircase to the Orcish Mines.
  1882 | Orc:1    | Entered Level 1 of the Orcish Mines
  1890 | Orc:1    | You fall through a shaft!
  2305 | Orc:4    | Entered Level 4 of the Orcish Mines
  2305 | Orc:4    | Found a staircase to the Elven Halls.
  2337 | Orc:3    | Found Himm's Gadget Shoppe.
  2337 | Orc:3    | Noticed Donald
  2377 | Orc:4    | Reached skill level 5 in Fighting
  2539 | Orc:4    | Reached **** piety under Trog
  2639 | Orc:4    | Reached skill level 5 in Armour
  2864 | Orc:4    | Reached skill level 15 in Axes
  2957 | Orc:4    | Reached XP level 10. HP: 84/84 MP: 10/10
  3165 | Orc:4    | Noticed an orc knight
  3213 | Orc:4    | Killed an orc knight
  3213 | Orc:4    | Reached skill level 16 in Axes
  3283 | Orc:4    | Noticed an orc high priest
  3311 | Orc:4    | Killed an orc high priest
  3579 | Orc:4    | Noticed an orc high priest
  3603 | Orc:4    | Noticed an ice devil
  3614 | Orc:4    | Killed an orc high priest
  3652 | Orc:4    | Noticed an orc knight
  3653 | Orc:4    | Noticed an orc knight
  3688 | Orc:4    | Killed an orc knight
  3688 | Orc:4    | Reached XP level 11. HP: 60/97 MP: 11/11
  3821 | Orc:4    | Noticed an orc knight
  3821 | Orc:4    | Noticed an orc high priest
  3823 | Orc:4    | Noticed an orc knight
  3899 | Orc:4    | Noticed a sun demon
  3903 | Orc:4    | Killed an orc high priest
  3903 | Orc:4    | Reached skill level 17 in Axes
  4165 | Orc:4    | Killed an orc knight
  4245 | Orc:4    | Noticed an orc knight
  4283 | Orc:4    | Killed an orc knight
  4313 | Orc:4    | Noticed an orc knight
  4345 | Orc:4    | Killed an orc knight
  4345 | Orc:4    | Reached skill level 18 in Axes
  4403 | Orc:4    | Killed an orc knight
  4544 | Orc:4    | Noticed an orc high priest
  4547 | Orc:4    | Noticed an orc high priest
  4562 | Orc:4    | Killed an orc high priest
  4586 | Orc:4    | Killed an orc high priest
  4629 | Orc:4    | Found Siaff's Distillery.
  4629 | Orc:4    | Found Jeduzikk's Magic Scroll Boutique.
  4630 | Orc:4    | Found Soiwotamu's Antique Armour Boutique.
  4630 | Orc:4    | Found Abuen's Distillery.
  4642 | Orc:4    | Bought a potion of might for 60 gold pieces
  4645 | Orc:4    | Bought a potion of agility for 44 gold pieces
  4645 | Orc:4    | Bought a potion of beneficial mutation for 385 gold pieces
  4645 | Orc:4    | Bought a potion of haste for 110 gold pieces
  4648 | Orc:4    | Bought a potion of heal wounds for 75 gold pieces
  4648 | Orc:4    | Bought a potion of curing for 45 gold pieces
  4759 | Orc:3    | Noticed Josephine
  4769 | Orc:2    | Reached skill level 19 in Axes
  4807 | Orc:2    | Slain by an ogre

Vault maps used:
D:1:      minmay_arrival_nine_rooms, kennysheep_boxes
D:2:      uniq_terence
D:3:      uniq_iyjb
D:4:      gup_sewer_entry_glass, first_bread, uniq_eustachio
D:5:      tgw_sif, nicolae_ru_great_annihilating_truth, uniq_duvessa
D:6:      kennysheep_little_box, minitemple, minmay_temple_entry_from_below_a
D:7:      lemuel_coloured_pillars_altar, wad_mini_maze
D:8:      old_forge, the_bakery
D:9:      lemuel_troll_bridge, lemuel_mausoleum_altar_kikubaaqudgha,
          grunt_ministairs_14, st_stairs_12, minmay_misc_feat_alley,
          nemelex_dance_club_becter
D:10:     lair_0_dummy, orc_0_dummy, serial_shops, shop
Orc:2:    mines5_lemuel
Orc:3:    serial_shops, shop, nicolae_orc_pool_cavern, lemuel_statue_altar,
          uniq_donald, uniq_josephine
Orc:4:    st_orc_pillars

Action                   |  1- 3 |  4- 6 |  7- 9 | 10-12 || total
-------------------------+-------+-------+-------+-------++-------
Melee: Hand axe          |    90 |     5 |       |       ||    95
       War axe           |       |    78 |   283 |   228 ||   589
       Battleaxe         |       |       |       |    62 ||    62
Throw: Throwing net      |       |       |       |     1 ||     1
Invok: Berserk           |     3 |     3 |     8 |    17 ||    31
       Trog's Hand       |     1 |     1 |    12 |    14 ||    28
  Use: Potion            |       |       |       |     5 ||     5
  Eat: Chunk             |     1 |     6 |    15 |    26 ||    48
       Fruit             |       |     1 |       |       ||     1
